Map: Eastwatch LE

Players

Catbasher - Winner!

  • Race: Terran Terran
  • League: Diamond
  • Spawn Location: 7:00

BobbyAwesome

  • Race: Protoss Protoss
  • League: Diamond
  • Spawn Location: 1:00

VOD

Have the link to the VOD?

Description

Time

  • Played on: May 4, 2018, 6:41 a.m.
  • Length: 15:25
Show
View Real Time Build Order
Export as new Build Order

Catbasher Terran - Winner!

Build Orders: MMM Bio 

Get SALT Encoding   

  12  0:01  SCV  
  13  0:13  SCV  
  14  0:20  Supply Depot  
  14  0:25  SCV  
  15  0:42  SCV  
  16  0:43  Barracks  
  16  0:54  SCV  
  16  0:56  Refinery  
  17  1:06  SCV  
  18  1:18  SCV  
  19  1:32  Command Center  
  19  1:36  Orbital Command  
  19  1:53  Supply Depot  
  19  1:56  Barracks Reactor  
  19  2:05  SCV, Barracks  
  20  2:15  Refinery  
  20  2:17  SCV  
  21  2:29  SCV  
  22  2:33  Marine, Factory  
  22  2:35  Marine  
  24  2:42  SCV  
  25  2:47  Orbital Command  
  25  2:50  Marine  
  26  2:53  Marine  
  26  2:54  SCV  
  28  3:03  Marine  
  28  3:06  SCV  
  28  3:08  Marine  
  28  3:11  Marine  
  28  3:21  Marine  
  28  3:26  Marine  
  28  3:28  Marine, Cyclone  
  24  3:52  Marine  
  24  3:53  Marine x2  
  25  4:00  SCV, Cyclone  
  28  4:10  Marine  
  28  4:12  SCV  
  28  4:14  SCV  
  31  4:18  Barracks Tech Lab  
  31  4:24  SCV  
  31  4:26  Marine  
  31  4:27  SCV  
  31  4:28  Marine  
  35  4:32  Cyclone  
  35  4:34  Bunker  
  38  4:39  SCV x2  
  38  4:44  Marine  
  41  4:47  Stimpack  
  41  4:50  Marine  
  41  4:51  SCV x2  
  41  4:52  Marine  
  45  5:01  Supply Depot  
  45  5:03  SCV  
  46  5:10  Supply Depot  
  46  5:13  Factory Reactor  
  46  5:18  Starport  
  46  5:23  SCV x2  
  46  5:28  Engineering Bay  
  48  5:29  Engineering Bay  
  48  5:35  SCV x2, Marine x2  
  51  5:36  Marine  
  51  5:41  Supply Depot  
  53  5:47  SCV x2  
  55  5:50  Cyclone  
  58  5:59  SCV x2  
  58  6:02  Starport Reactor  
  58  6:03  Cyclone  
  63  6:09  Supply Depot  
  63  6:11  SCV x2  
  60  6:20  Marine x3  
  51  6:38  Marine x3  
  54  6:42  Cyclone  
  57  6:47  SCV x2  
  59  6:55  Marine  
  59  6:59  SCV  
  59  7:00  SCV  
  52  7:11  Marine  
  52  7:12  Marine  
  52  7:13  Marine  
  55  7:16  Cyclone x2  
  55  7:21  Medivac x2  
  55  7:22  SCV  
  66  7:25  SCV  
  66  7:29  Marine  
  68  7:34  SCV  
  68  7:41  Marine  
  68  7:42  Marine  
  66  7:47  Marine  
  66  7:48  Cyclone  
  66  7:50  SCV x2, Bunker  
  72  8:02  SCV x2  
  72  8:03  Marine x2  
  76  8:07  Medivac  
  76  8:12  Supply Depot  
  78  8:15  Supply Depot  
  78  8:27  Refinery  
  78  8:30  Refinery  
  78  8:33  SCV x2, Cyclone, Medivac  
  85  8:45  SCV x2  
  87  8:58  SCV x2  
  87  8:59  Cyclone  
  85  9:05  Cyclone  
  76  9:18  Marine  
  76  9:19  Marine, Marauder  
  80  9:28  Combat Shields  
  80  9:31  Terran Infantry Weapons Level 1, Cyclone  
  83  9:35  Barracks x3  
  83  9:36  Marine  
  83  9:37  Marine  
  83  9:38  Widow Mine  
  87  9:40  Marauder  
  89  9:49  Barracks  
  89  9:55  Command Center  
  76  10:12  Cyclone  
  76  10:13  Marine, Cyclone  
  81  10:14  Marine x2  
  83  10:27  Marine x3  
  80  10:33  Marauder  
  76  10:37  Marine  
  76  10:38  Marine  
  71  10:44  Marine  
  71  10:45  Marine x2  
  66  10:54  Marauder  
  66  10:55  Marine  
  68  11:02  Medivac x2  
  72  11:04  Barracks Reactor  
  72  11:06  Barracks Tech Lab  
  72  11:09  Barracks Tech Lab  
  72  11:14  Terran Infantry Armor Level 1  
  72  11:15  Marauder  
  72  11:16  Concussive Shells  
  74  11:34  Barracks Reactor  
  74  11:37  Marine x2, Marauder x3  
  76  11:54  Marine  
  76  11:55  Marine  
  76  11:58  Marauder  
  76  11:59  Marauder  
  76  12:01  Orbital Command  
  73  12:04  Marine x3  
  67  12:12  Marine  
  67  12:13  Marine  
  69  12:19  Marine  
  60  12:26  Marine x4, Marauder  
  64  12:43  Orbital Command  
  64  12:53  Marine x2  
  64  12:54  Marine x2, Marauder x3  
  74  13:15  Marauder  
  74  13:19  SCV  
  77  13:28  SCV  
  78  13:52  Marine x3  
  78  13:53  SCV  
  78  14:11  Supply Depot x2  
  78  14:25  Command Center  
  78  14:32  Marine, SCV x2  
  81  14:44  SCV x2  
  83  14:56  SCV x2  
  85  15:03  Supply Depot  
  85  15:04  Supply Depot  
  85  15:06  Armory  
  85  15:08  SCV x2  
Show
View Real Time Build Order
Export as new Build Order

BobbyAwesome Protoss 

Build Orders:  

Get SALT Encoding   

  12  0:01  Probe  
  13  0:14  Pylon  
  13  0:19  Assimilator  
  13  0:32  Probe  
  13  0:33  Gateway  
  13  0:40  Probe  
  15  0:50  Probe  
  16  0:59  Gateway  
  16  1:03  Probe  
  17  1:15  Probe  
  18  1:20  Cybernetics Core  
  18  1:27  Probe  
  19  1:39  Probe  
  20  1:50  Stalker  
  20  1:53  Pylon  
  20  1:56  Stalker  
  23  2:16  Stalker  
  23  2:18  Pylon  
  25  2:25  Assimilator, Stalker  
  27  2:30  Warp Gate  
  27  2:45  Probe  
  27  2:51  Twilight Council  
  28  3:41  Charge  
  28  4:20  Zealot, Robotics Facility  
  28  4:21  Zealot, Gateway  
  28  4:22  Gateway  
  32  4:24  Gateway  
  32  4:25  Gateway  
  32  4:36  Pylon  
  32  5:00  Zealot  
  32  5:01  Zealot  
  36  5:07  Warp Prism  
  38  5:19  Zealot  
  38  5:20  Zealot x2  
  38  5:21  Zealot  
  46  5:30  Pylon  
  46  5:40  Pylon  
  46  5:51  Sentry x4  
  54  6:05  Stalker x2  
  46  6:19  Zealot x3  
  32  6:33  Zealot x2  
  36  6:43  Stalker  
  36  6:44  Sentry  
  40  6:56  Stalker  
  40  6:58  Zealot  
  30  7:10  Zealot x2  
  30  7:29  Zealot, Sentry  
  34  7:30  Zealot  
  36  7:43  Zealot x2  
  36  7:49  Sentry  
  36  7:59  Warp Prism  
  38  8:06  Sentry  
  40  8:19  Stalker  
  42  8:34  Zealot x2  
  46  8:46  Stalker  
  46  8:47  Sentry  
  36  9:16  Zealot x3  
  42  9:28  Zealot, Sentry x2  
  44  9:51  Zealot x2  
  44  10:00  Zealot  
  38  10:31  Zealot x3  
  42  10:37  Zealot x2  
  38  10:46  Sentry  
  30  10:57  Sentry x4  
  38  11:10  Sentry x2  
  42  11:20  Zealot  
  44  11:32  Sentry  
  46  11:41  Zealot  
  40  12:31  Zealot x5  
  50  12:55  Sentry  
  50  12:56  Sentry  
  54  13:20  Nexus  
  19  14:04  Dark Shrine  
  19  14:39  Pylon  
  19  14:49  Nexus  
  17  14:58  Cybernetics Core  
  15  15:00  Gateway  
  15  15:01  Gateway  
Tags
 
Add a new tag
Caveats
  • Supply blocks, unpowered buildings, or Contaminate may cause inaccurate times.
  • Supply counts are checked every 10 seconds.